 Dungeon Crawl Stone Soup version 0.30-a0-223-gcb0039aa0c (webtiles) character file.

Game seed: 12942305634551624840

7987 qw the Cleaver (level 11, 0/71 HPs)
             Began as a Gargoyle Fighter on Oct 9, 2022.
             Was a Believer of Okawaru.
             Killed from afar by an oklob plant (7 damage)
             ... with a splash of acid
             ... on level 9 of the Dungeon.
             The game lasted 00:04:06 (10139 turns).

qw the Cleaver (Gargoyle Fighter)                  Turns: 10139, Time: 00:04:06

Health: 0/71       AC: 24    Str: 29    XL:     11   Next: 23%
Magic:  13/14      EV:  9    Int: 10    God:    Okawaru [**....]
Gold:   446        SH: 11    Dex:  9    Spells: 10/10 levels left

rFire   . . .      SeeInvis .    Y - +0 broad axe
rCold   . . .      Faith    .    c - +0 buckler
rNeg    + . .      Spirit   .    e - +1 plate armour
rPois   inf        Reflect  +    a - +0 helmet
rElec   +          Harm     .    m - +0 cloak
rCorr   +          Rampage  .    (no gloves)
Will    .....                    (no boots)
Stlth   ..........               j - amulet of reflection
HPRegen 0.31/turn                s - +6 ring of strength
MPRegen 0.14/turn                i - ring of resist corrosion

@: heroic, corroded, very slow
A: sickness immunity, AC +8, negative energy resistance 1, electricity
resistance, torment resistance 1, petrification resistance
a: Renounce Religion, Heroism


You were on level 9 of the Dungeon.
You worshipped Okawaru.
Okawaru was pleased with you.
You visited 2 branches of the dungeon, and saw 10 of its levels.

You collected 612 gold pieces.
You spent 166 gold pieces at shops.


Innate Abilities, Weirdness & Mutations

You are immune to sickness and miasma.
Your stone body is resilient. (AC +8)
You are immune to poison.
You resist negative energy. (rN+)
You are resistant to electric shocks. (rElec)
You are resistant to unholy torment.
You are immune to petrification.


   Skills:
 - Level 9.0(14.0) Fighting
 + Level 11.4(16.4) Axes
 - Level 1.0(6.0) Throwing
 - Level 8.0(13.0) Armour
 - Level 2.1(7.1) Dodging
 - Level 5.2(10.2) Shields
 - Level 4.1 Invocations


You had 10 spell levels left.
You didn't know any spells.
Your spell library was empty.

Inventory:

Hand Weapons
 q - a +0 morningstar
 Y - a +0 broad axe (weapon)
Armour
 a - a +0 helmet (worn)
 c - a +0 buckler (worn)
 e - a +1 plate armour (worn)
 m - a +0 cloak (worn)
Jewellery
 i - a ring of resist corrosion (right hand)
 j - an amulet of reflection (around neck)
 s - a +6 ring of strength (left hand)
Scrolls
 k - 4 scrolls of identify
Potions
 b - 2 potions of mutation
 d - 2 potions of might
 g - a potion of attraction
 h - 5 potions of curing
 n - a potion of cancellation
 o - a potion of magic
 p - a potion of brilliance {unknown}
 r - a potion of lignification {unknown}

Dungeon Overview and Level Annotations

Branches:
Dungeon (9/15)             Temple (1/1) D:4            Lair (0/5) D:9
    Orc: D:9-12

Altars:
Ashenzari
Cheibriados
Dithmenos
Elyvilon
Fedhas
Gozag
Hepliaklqana
Kikubaaqudgha
Makhleb
Nemelex Xobeh
Okawaru
Qazlal
Ru
Sif Muna
Trog
Uskayaw
Vehumet
Wu Jian
Xom
Yredelemnul
Zin
The Shining One

Shops:
D:5 *

Annotations:
D:3 2 transporters, qw's ghost, amateur GrFi
D:7 2 transporters, qw's ghost, novice GrFi


Message History

The oklob sapling spits acid at you. The splash of acid hits you! You resist.
The oklob plant spits acid at you. The splash of acid hits you. You resist.
The oklob plant spits acid at you. The splash of acid hits you. You resist.
The oklob plant spits acid at you. The splash of acid hits you! You resist.
The oklob plant spits acid at you. The splash of acid hits you. You resist.
The oklob sapling spits acid at you. The splash of acid hits you! You resist.
10124 ||| DRINKING potion of heal wounds.
You feel much better.
You feel like a meek peon again. The oklob plant spits acid at you.
The splash of acid hits you but does no damage.
10125 ||| INVOKING Heroism.
You gain the combat prowess of a mighty hero.
The oklob sapling spits acid at you. The splash of acid hits you! You resist.
The acid corrodes you! The oklob sapling spits acid at you.
The splash of acid reflects off an invisible shield around you!
The splash of acid hits the oklob sapling.
The oklob sapling completely resists.
The oklob sapling spits acid at you. The splash of acid hits you! You resist.
The oklob plant spits acid at you.
The splash of acid reflects off an invisible shield around you!
The splash of acid hits the oklob plant.
The oklob plant completely resists.
The oklob sapling spits acid at you. The splash of acid hits you! You resist.
The oklob plant spits acid at you. The splash of acid misses you.
The oklob plant spits acid at you.
The splash of acid hits you but does no damage.
The oklob plant spits acid at you. The splash of acid hits you! You resist.
You die...

.......## ..~~~
#.....#. .......#
#+#~~7 #.....'.
.......# 7777777~77~
#.....#. .......#
7.P~7~~~~777 #.....#.
.......# 7!~~.~~~~~~
#.....#. ......##
7~P~~~~~~~ #.....#.
......# 7.~~~~~~7
#.....#. ......#
7~~P~~~~7 7 #.....#.
......# 7~~~~@~7 !77
#.....#. ......#
77~~~~7..7.7 #.....#.
......#
7~.777777~7###.....#.
......#
7777....~~~7........##
#######
#.......~~#..########
##.......##.##
#..........#
############


You could see an oklob plant and an oklob sapling.

Vanquished Creatures
  Pikel (D:5)
  Maurice (D:8)
  An unseen horror (D:6)
  4 hornets (D:9)
  Sigmund (D:5)
  3 wyverns
  9 yaks (D:9)
  4 steam dragons
  4 water moccasins (D:9)
  An acid dragon (D:9)
  Duvessa (D:6)
  2 black bears
  3 orc warriors
  2 centaurs
  3 bullfrogs
  2 kobold brigands
  A gnoll sergeant (D:7)
  6 necrophages
  4 scorpions
  3 wights (D:7)
  Dowan (D:6)
  6 killer bees (D:9)
  3 howler monkeys (D:9)
  2 gnoll boudas
  4 hounds
  3 orc priests
  3 iguanas
  Ijyb (D:5)
  6 orc wizards
  Robin (D:3)
  14 gnolls
  9 adders
  A shadow imp (D:5)
  3 white imps
  3 dart slugs
  24 orcs
  7 endoplasms
  2 giant cockroaches
  19 goblins
  8 hobgoblins
  4 jackals (D:4)
  17 kobolds
  5 quokkas
  16 ball pythons
  7 bats
  8 frilled lizards
  7 rats
240 creatures vanquished.

Vanquished Creatures (others)
  52 fungi (D:9)
  57 plants
109 creatures vanquished.

Grand Total: 349 creatures vanquished

Notes
Turn   | Place    | Note
-------+----------+-------------------------------------------
     0 | D:1      | qw the Gargoyle Fighter began the quest for the Orb.
     0 | D:1      | Reached XP level 1. HP: 14/14 MP: 1/1
     0 | D:1      | 0 ||| qw: Version: 0.2-a-17-g06abaee
     0 | D:1      | 0 ||| qw: Game counter: 2213
     0 | D:1      | 0 ||| qw: Always use a shield: true
     0 | D:1      | 0 ||| qw: God list: Okawaru
     0 | D:1      | 0 ||| qw: Allow faded altars: false
     0 | D:1      | 0 ||| qw: Do Orc after D:15 true
     0 | D:1      | 0 ||| qw: Do second Lair branch before Depths: true
     0 | D:1      | 0 ||| qw: Lair rune preference: random
     0 | D:1      | 0 ||| qw: Plans: Normal, Zot:1-4, God:TSO, Crypt, Tomb,
                  | Pan, Slime:5, Hells, Abyss, Orb
     0 | D:1      | 0 ||| PLANNING D:1-11
   105 | D:1      | Reached skill level 2 in Axes
   213 | D:1      | 213 ||| Stepping ~*~*~tactically~*~*~ (stealth).
   216 | D:1      | Reached XP level 2. HP: 18/19 MP: 2/2
   282 | D:1      | 282 ||| Stepping ~*~*~tactically~*~*~ (stealth).
   342 | D:1      | 342 ||| Stepping ~*~*~tactically~*~*~ (hiding).
   378 | D:1      | Reached skill level 3 in Axes
   401 | D:1      | Reached XP level 3. HP: 17/23 MP: 3/3
   474 | D:1      | 474 ||| Stepping ~*~*~tactically~*~*~ (stealth).
   759 | D:1      | 759 ||| UPGRADING to +0 plate armour.
   769 | D:1      | 769 ||| DROPPING +0 scale mail.
   770 | D:1      | 770 ||| UPGRADING to amulet of reflection.
   775 | D:1      | 775 ||| DROPPING ring of flight.
   776 | D:1      | 776 ||| READING scroll labelled CECHAP NEYTAENAQ.
   777 | D:1      | 777 ||| READING scroll labelled POUPHOA KAICLI.
   778 | D:1      | 778 ||| READING scroll labelled MARPHI DYRA.
   823 | D:2      | 823 ||| FLEEEEING.
   824 | D:2      | 824 ||| FLEEEEING.
   881 | D:2      | 881 ||| READING scroll of enchant armour.
   881 | D:2      | 881 ||| ENCHANTING +0 plate armour.
   980 | D:2      | 980 ||| Stepping ~*~*~tactically~*~*~ (hiding).
  1027 | D:2      | Reached XP level 4. HP: 28/28 MP: 4/4
  1348 | D:2      | Found an ancient bone altar of Kikubaaqudgha.
  1424 | D:2      | Reached skill level 4 in Axes
  1598 | D:2      | 1598 ||| UPGRADING to +0 helmet.
  1603 | D:2      | 1603 ||| READING scroll labelled FEMIOL RAODWO.
  1604 | D:2      | 1604 ||| READING scroll labelled KYPANU UNTIMN.
  1676 | D:3      | 1676 ||| DROPPING +0 club.
  1709 | D:3      | 1709 ||| Stepping ~*~*~tactically~*~*~ (stealth).
  1710 | D:3      | 1710 ||| Stepping ~*~*~tactically~*~*~ (stealth).
  1773 | D:3      | Found a transporter.
  1782 | D:3      | Found a transporter.
  1789 | D:3      | Noticed qw's ghost (amateur GrFi)
  2002 | D:3      | Reached XP level 5. HP: 26/32 MP: 5/5
  2051 | D:3      | 2051 ||| Stepping ~*~*~tactically~*~*~ (stealth).
  2053 | D:3      | 2053 ||| Stepping ~*~*~tactically~*~*~ (hiding).
  2106 | D:3      | 2106 ||| Stepping ~*~*~tactically~*~*~ (stealth).
  2108 | D:3      | 2108 ||| FLEEEEING.
  2109 | D:3      | 2109 ||| FLEEEEING.
  2110 | D:3      | 2110 ||| FLEEEEING.
  2114 | D:3      | 2114 ||| Stepping ~*~*~tactically~*~*~ (hiding).
  2116 | D:3      | 2116 ||| Stepping ~*~*~tactically~*~*~ (hiding).
  2129 | D:3      | Reached skill level 5 in Axes
  2259 | D:3      | Found a white marble altar of Elyvilon.
  2512 | D:3      | 2512 ||| Stepping ~*~*~tactically~*~*~ (stealth).
  2513 | D:3      | 2513 ||| Stepping ~*~*~tactically~*~*~ (stealth).
  2601 | D:3      | Found a glowing silver altar of Zin.
  2647 | D:3      | 2647 ||| READING scroll labelled BUBBIS TAUN.
  2652 | D:3      | 2652 ||| READING scroll labelled ABEKKIC ZI SOZ.
  2653 | D:3      | 2653 ||| READING scroll labelled KOPTAT ZOCOL.
  2653 | D:3      | Identified a scroll of acquirement
  2653 | D:3      | 2653 ||| ACQUIRING +2 war axe of venom
  2653 | D:3      | Acquired a +2 war axe of venom
  2655 | D:3      | 2655 ||| SWAPPING to +2 war axe of venom.
  2656 | D:3      | 2656 ||| DROPPING +0 war axe.
  2657 | D:3      | 2657 ||| DRINKING 2 black potions.
  2658 | D:3      | 2658 ||| DRINKING 3 fuming silvery potions.
  2759 | D:3      | 2759 ||| DROPPING 2 potions of ambrosia.
  2790 | D:4      | 2790 ||| Stepping ~*~*~tactically~*~*~ (stealth).
  2791 | D:4      | 2791 ||| Stepping ~*~*~tactically~*~*~ (stealth).
  2800 | D:4      | 2800 ||| Stepping ~*~*~tactically~*~*~ (hiding).
  2810 | D:4      | Reached XP level 6. HP: 36/38 MP: 6/6
  2901 | D:4      | 2901 ||| STAIRDANCE
  2902 | D:3      | Found a burning altar of Makhleb.
  2902 | D:3      | Found a shimmering blue altar of Sif Muna.
  2903 | D:3      | Noticed Robin
  2915 | D:3      | Killed Robin
  2993 | D:4      | Found a staircase to the Ecumenical Temple.
  2994 | D:4      | 2994 ||| PLANNING TEMPLE
  2996 | D:4      | 2996 ||| FLEEEEING.
  2997 | D:4      | 2997 ||| FLEEEEING.
  2998 | D:4      | 2998 ||| FLEEEEING.
  3003 | D:4      | 3003 ||| FLEEEEING.
  3004 | D:4      | 3004 ||| FLEEEEING.
  3005 | D:4      | 3005 ||| FLEEEEING.
  3015 | D:4      | 3015 ||| STAIRDANCE
  3019 | D:4      | 3019 ||| STAIRDANCE
  3024 | D:4      | 3024 ||| STAIRDANCE
  3039 | D:4      | 3039 ||| STAIRDANCE
  3065 | D:4      | 3065 ||| STAIRDANCE
  3070 | D:4      | 3070 ||| STAIRDANCE
  3122 | Temple   | Entered the Ecumenical Temple
  3177 | Temple   | 3177 ||| PLANNING D:1-11
  3334 | D:4      | 3334 ||| Stepping ~*~*~tactically~*~*~ (stealth).
  3335 | D:4      | 3335 ||| Stepping ~*~*~tactically~*~*~ (stealth).
  3678 | D:4      | Reached skill level 6 in Axes
  3710 | D:4      | 3710 ||| DROPPING amulet of magic regeneration.
  3711 | D:4      | 3711 ||| READING scroll labelled XUONER KEFFU.
  3712 | D:4      | 3712 ||| READING 2 scrolls of identify.
  3712 | D:4      | 3712 ||| IDENTIFYING fizzy golden potion
  3735 | D:5      | Entered Level 5 of the Dungeon
  3763 | D:5      | Reached XP level 7. HP: 43/43 MP: 7/7
  3845 | D:5      | 3845 ||| READING scroll of enchant weapon.
  3845 | D:5      | 3845 ||| ENCHANTING +3 war axe of venom.
  3847 | D:5      | Noticed Ijyb
  3848 | D:5      | 3848 ||| Stepping ~*~*~tactically~*~*~ (hiding).
  3856 | D:5      | Killed Ijyb
  4016 | D:5      | Found a shadowy altar of Dithmenos.
  4049 | D:5      | Found Jismewut's Assorted Antiques.
  4077 | D:5      | 4077 ||| BUYING cloak (117 gold).
  4077 | D:5      | Bought a cloak for 117 gold pieces
  4077 | D:5      | 4077 ||| BUYING fuming brown potion (23 gold).
  4077 | D:5      | Bought a fuming brown potion for 23 gold pieces
  4077 | D:5      | 4077 ||| BUYING scroll labelled AWOLIS ETAHUY (26 gold).
  4077 | D:5      | Bought a scroll labelled AWOLIS ETAHUY for 26 gold pieces
  4077 | D:5      | 4077 ||| SHOPLISTING scroll of identify (52 gold, have 6).
  4209 | D:5      | Noticed Pikel
  4210 | D:5      | Noticed Sigmund
  4211 | D:5      | 4211 ||| Stepping ~*~*~tactically~*~*~ (hiding).
  4219 | D:5      | Killed Pikel
  4220 | D:5      | Reached skill level 8 in Axes
  4220 | D:5      | Reached XP level 8. HP: 44/48 MP: 8/8
  4243 | D:5      | Killed Sigmund
  4361 | D:5      | Reached skill level 1 in Dodging
  4372 | D:5      | 4372 ||| DROPPING +0 flail.
  4715 | D:5      | 4715 ||| UPGRADING to +0 cloak.
  4720 | D:5      | 4720 ||| DROPPING amulet of guardian spirit.
  4721 | D:5      | 4721 ||| UPGRADING to +6 ring of strength.
  4722 | D:5      | 4722 ||| READING scroll labelled AWOLIS ETAHUY.
  4723 | D:5      | 4723 ||| READING 3 scrolls of identify.
  4723 | D:5      | 4723 ||| IDENTIFYING smoky amethyst potion
  4724 | D:5      | 4724 ||| READING 2 scrolls of identify.
  4724 | D:5      | 4724 ||| IDENTIFYING fuming brown potion
  4725 | D:5      | 4725 ||| DROPPING potion of berserk rage.
  4826 | D:6      | Reached skill level 1 in Throwing
  4976 | D:6      | Killed an unseen horror
  4977 | D:6      | Reached skill level 6 in Armour
  5173 | D:6      | Reached XP level 9. HP: 55/55 MP: 9/9
  5195 | D:6      | Reached skill level 6 in Fighting
  5229 | D:6      | 5229 ||| Stepping ~*~*~tactically~*~*~ (stealth).
  5234 | D:6      | 5234 ||| Stepping ~*~*~tactically~*~*~ (stealth).
  5238 | D:6      | 5238 ||| Stepping ~*~*~tactically~*~*~ (stealth).
  5316 | D:6      | Noticed Dowan
  5317 | D:6      | Noticed Duvessa
  5320 | D:6      | 5320 ||| Stepping ~*~*~tactically~*~*~ (hiding).
  5327 | D:6      | Killed Dowan
  5328 | D:6      | Killed Duvessa
  5589 | D:6      | 5589 ||| READING scroll labelled NOMALE FACOTOWOE.
  5590 | D:6      | 5590 ||| READING scroll labelled MAMIYZ MIACARPH.
  5591 | D:6      | 5591 ||| READING 2 scrolls of identify.
  5591 | D:6      | 5591 ||| IDENTIFYING amethyst potion
  5624 | D:7      | 5624 ||| STAIRDANCE
  5630 | D:7      | 5630 ||| STAIRDANCE
  5636 | D:6      | Reached skill level 9 in Axes
  5701 | D:7      | Noticed qw's ghost (novice GrFi)
  5730 | D:7      | Found a transporter.
  5735 | D:7      | Found a transporter.
  6218 | D:7      | 6218 ||| SWAPPING to +0 broad axe.
  6219 | D:7      | 6219 ||| DROPPING +4 war axe of venom.
  6301 | D:7      | 6301 ||| DROPPING +1 flail of protection.
  6526 | D:7      | 6526 ||| DRINKING 2 fuming sapphire potions.
  6571 | D:8      | 6571 ||| Stepping ~*~*~tactically~*~*~ (hiding).
  6726 | D:8      | Noticed Maurice
  6739 | D:8      | Killed Maurice
  6740 | D:8      | Reached skill level 10 in Axes
  6740 | D:8      | Reached XP level 10. HP: 56/63 MP: 10/10
  6881 | D:8      | Found a sparkling altar of Nemelex Xobeh.
  6881 | D:8      | Found an iron altar of Okawaru.
  6882 | D:8      | 6882 ||| PLANNING OKAWARU WORSHIP
  6882 | D:8      | 6882 ||| READING 2 scrolls of identify.
  6882 | D:8      | 6882 ||| IDENTIFYING metallic ruby potion
  6883 | D:8      | 6883 ||| DROPPING potion of invisibility.
  6887 | D:8      | Became a worshipper of Warmaster Okawaru
  6888 | D:8      | 6888 ||| PLANNING D:1-11
  7002 | D:8      | Found a snail-covered altar of Cheibriados.
  7113 | D:8      | 7113 ||| Stepping ~*~*~tactically~*~*~ (hiding).
  7617 | D:8      | 7617 ||| UPGRADING to ring of resist corrosion.
  7618 | D:8      | 7618 ||| READING scroll labelled OGGIUS IPESK.
  7619 | D:8      | 7619 ||| READING 3 scrolls of identify.
  7619 | D:8      | 7619 ||| IDENTIFYING fuming emerald potion
  7684 | D:9      | 7684 ||| Stepping ~*~*~tactically~*~*~ (stealth).
  7704 | D:9      | Reached * piety under Okawaru
  7760 | D:9      | 7760 ||| INVOKING Heroism.
  7767 | D:9      | Reached skill level 1 in Invocations
  7772 | D:9      | 7772 ||| INVOKING Heroism.
  7778 | D:9      | Reached ** piety under Okawaru
  7847 | D:9      | 7847 ||| DROPPING +2 vorpal flail.
  7894 | D:9      | Reached skill level 3 in Invocations
  7895 | D:9      | 7895 ||| Stepping ~*~*~tactically~*~*~ (stealth).
  7901 | D:9      | 7901 ||| INVOKING Heroism.
  7972 | D:9      | 7972 ||| INVOKING Heroism.
  7976 | D:9      | Reached skill level 11 in Axes
  8010 | D:9      | 8010 ||| FLEEEEING.
  8011 | D:9      | 8011 ||| FLEEEEING.
  8067 | D:9      | 8067 ||| INVOKING Heroism.
  8070 | D:9      | Found a staircase to the Lair.
  8083 | D:9      | Reached skill level 9 in Fighting
  8144 | D:9      | 8144 ||| Stepping ~*~*~tactically~*~*~ (stealth).
  8162 | D:9      | Reached XP level 11. HP: 68/71 MP: 14/14
  8200 | D:9      | 8200 ||| Stepping ~*~*~tactically~*~*~ (stealth).
  8265 | D:9      | 8265 ||| Stepping ~*~*~tactically~*~*~ (stealth).
  8266 | D:9      | 8266 ||| Stepping ~*~*~tactically~*~*~ (stealth).
  8386 | D:9      | 8386 ||| INVOKING Heroism.
  8531 | D:9      | Reached *** piety under Okawaru
  8639 | D:9      | 8639 ||| Stepping ~*~*~tactically~*~*~ (hiding).
  8645 | D:9      | 8645 ||| INVOKING Heroism.
  8653 | D:9      | 8653 ||| Stepping ~*~*~tactically~*~*~ (cloud).
  8703 | D:9      | 8703 ||| INVOKING Heroism.
  8841 | D:9      | 8841 ||| INVOKING Heroism.
  8870 | D:9      | 8870 ||| FLEEEEING.
  8875 | D:9      | 8875 ||| Stepping ~*~*~tactically~*~*~ (stealth).
  8948 | D:9      | 8948 ||| FLEEEEING.
  8973 | D:9      | Noticed an oklob plant
  8974 | D:9      | 8974 ||| INVOKING Heroism.
  8983 | D:9      | 8983 ||| FLEEEEING.
  8984 | D:9      | 8984 ||| FLEEEEING.
  9116 | D:9      | 9116 ||| INVOKING Heroism.
  9136 | D:9      | 9136 ||| FLEEEEING.
  9137 | D:9      | 9137 ||| FLEEEEING.
  9138 | D:9      | 9138 ||| FLEEEEING.
  9316 | D:9      | 9316 ||| INVOKING Heroism.
  9334 | D:9      | 9334 ||| INVOKING Heroism.
  9343 | D:9      | HP: 14/71 [oklob plant/splash of acid (4)]
  9344 | D:9      | 9344 ||| READING 3 scrolls of teleportation.
  9345 | D:9      | 9345 ||| DRINKING 5 potions of heal wounds.
  9512 | D:9      | 9512 ||| FLEEEEING.
  9513 | D:9      | 9513 ||| FLEEEEING.
  9514 | D:9      | 9514 ||| FLEEEEING.
  9569 | D:9      | 9569 ||| INVOKING Heroism.
  9591 | D:9      | 9591 ||| INVOKING Heroism.
  9591 | D:9      | HP: 15/71 [oklob plant/splash of acid (4)]
  9592 | D:9      | 9592 ||| READING 2 scrolls of teleportation.
  9592 | D:9      | HP: 2/71 [oklob plant/splash of acid (13)]
  9593 | D:9      | 9593 ||| DRINKING 4 potions of heal wounds.
  9596 | D:9      | 9596 ||| DRINKING 3 potions of heal wounds.
  9782 | D:9      | 9782 ||| INVOKING Heroism.
  9801 | D:9      | HP: 17/71 [oklob plant/splash of acid (16)]
  9802 | D:9      | 9802 ||| READING scroll of teleportation.
  9803 | D:9      | 9803 ||| DRINKING 2 potions of heal wounds.
  9939 | D:9      | 9939 ||| FLEEEEING.
  9996 | D:9      | 9996 ||| INVOKING Heroism.
 10017 | D:9      | 10017 ||| FLEEEEING.
 10018 | D:9      | 10018 ||| FLEEEEING.
 10019 | D:9      | 10019 ||| FLEEEEING.
 10113 | D:9      | 10113 ||| INVOKING Heroism.
 10123 | D:9      | HP: 11/71 [oklob sapling/splash of acid (12)]
 10124 | D:9      | 10124 ||| DRINKING potion of heal wounds.
 10125 | D:9      | 10125 ||| INVOKING Heroism.
 10130 | D:9      | HP: 16/71 [oklob sapling/splash of acid (8)]
 10133 | D:9      | HP: 5/71 [oklob sapling/splash of acid (11)]
 10139 | D:9      | Killed from afar by an oklob plant

Levels and vault maps discovered:
D:1:      dpeg_chamrin_arrival_tetris, layout_rooms, hangedman_decor_points
D:2:      layout_basic, basic_altar
D:3:      layout_basic, mainiacjoe_overflow_tiny_flanked,
          nicolae_overflow_hidden_temple, gammafunk_ghost_stat_death, uniq_robin
D:4:      layout_loops_ring, minmay_temple_entry_glass, nicolae_hexahallways
D:5:      layout_basic, mainiacjoe_overflow_alcove_1, serial_shops,
          nicolae_shop_overgrown_old_shop, serial_bayou_pond_a, uniq_pikel,
          uniq_sigmund, uniq_ijyb
D:6:      layout_cave_pods, uniq_duvessa
D:7:      layout_basic, gammafunk_ghost_hive
D:8:      layout_loops_corners, general_overflow_altar,
          gammafunk_temple_overflow_wave, uniq_maurice
D:9:      layout_gridville, due_lair_maze_entry_diamond, dreamdust_wishing_well,
          introduction_to_nature_2
Temple:   zaba_magenta_temple

Skill      XL: |  1  2  3  4  5  6  7  8  9 10 11 |
---------------+----------------------------------+-----
Axes           | 2 3 4 5 6 8 10 11 | 11.4
Fighting       | 4 5 7 9 |  9.0
Armour         | 4 6 7 8 |  8.0
Dodging        | 1 2 |  2.1
Throwing       | 1 |  1.0
Shields        | 4 5 |  5.2
Invocations    | 4 |  4.1

Action                   |  1- 3 |  4- 6 |  7- 9 | 10-12 || total
-------------------------+-------+-------+-------+-------++-------
Melee: War axe           |   100 |   189 |   143 |       ||   432
       Broad axe         |       |       |    38 |   259 ||   297
Throw: Boomerang         |       |     4 |    17 |       ||    21
Invok: Heroism           |       |       |       |    19 ||    19
  Use: Scroll            |     4 |     7 |     7 |     6 ||    24
       Potion            |       |     2 |     1 |     5 ||     8
Armor: Scale mail        |    32 |       |       |       ||    32
       Plate armour      |     9 |   109 |   115 |   170 ||   403
Dodge: Dodged            |    44 |    39 |    34 |   100 ||   217
Block: Buckler           |    19 |    85 |    73 |   149 ||   326
       Reflection        |       |     6 |     2 |    18 ||    26

Table legend:
 A = Non-vault XP
 B = Vault XP
 C = Vault XP percentage of total XP
 D = Non-vault monster count
 E = Vault monster count
 F = Vault count percentage of total count
                 A         B        C        D         E       F
            +---------+---------+-------+---------+---------+-------
      Total |    7683 |    3727 |  32.7 |     197 |      43 |  17.9
            +---------+---------+-------+---------+---------+-------
        D:1 |      41 |       0 |   0.0 |      26 |       0 |   0.0
        D:2 |      78 |       0 |   0.0 |      25 |       0 |   0.0
        D:3 |     147 |      35 |  19.2 |      25 |      13 |  34.2
        D:4 |     280 |       0 |   0.0 |      25 |       0 |   0.0
        D:5 |     304 |     860 |  73.9 |       7 |       3 |  30.0
        D:6 |    1103 |     214 |  16.2 |      19 |       2 |   9.5
        D:7 |    1021 |       0 |   0.0 |      22 |       0 |   0.0
        D:8 |     795 |     480 |  37.6 |      14 |       1 |   6.7
        D:9 |    3914 |    2138 |  35.3 |      34 |      24 |  41.4
            +---------+---------+-------+---------+---------+-------
